 Dungeon Crawl Stone Soup version 0.29-a0-1016-g236c7fd91e (webtiles) character file.

Game seed: 5590949434971761415

32 voltaire321 the Ducker (level 3, 0/16 (28) HPs)
             Began as a Demonspawn Gladiator on Aug 9, 2022.
             Slain by an orc wizard
             ... wielding a +1 dagger of draining
              (3 damage)
             ... on level 2 of the Dungeon.
             The game lasted 00:04:25 (1484 turns).

voltaire321 the Ducker (Demonspawn Gladiator)       Turns: 1484, Time: 00:04:26

HP:   0/16 (28)     AC:  3    Str: 16    XL:     3   Next: 10%
MP:   3/3           EV: 12    Int:  9    God:
Gold: 43            SH:  0    Dex: 14    Spells: 2/2 levels left

rFire   . . .      SeeInvis .   a - +0 long sword
rCold   . . .      Faith    .   (no shield)
rNeg    . . .      Spirit   .   b - +0 leather armour
rPois   .          Reflect  .   (helmet restricted)
rElec   .          Harm     .   (no cloak)
rCorr   .          Rampage  .   (no gloves)
Will    .....                   (no boots)
Stlth   +.........              (no amulet)
HPRegen 0.05/turn               (no ring)
MPRegen 0.08/turn               (no ring)

@: very heavily drained
A: antennae 1, powered by pain 1
a: no special abilities


You were on level 2 of the Dungeon.
You visited 1 branch of the dungeon, and saw 2 of its levels.

You collected 43 gold pieces.

Inventory:

Hand Weapons
 a - a +0 long sword (weapon)
Missiles
 d - 3 throwing nets (quivered)
 e - a javelin
 f - 2 poisoned darts
Armour
 b - a +0 leather armour (worn)
 c - a +0 helmet
Scrolls
 g - a scroll of amnesia {unknown}
 i - a scroll of enchant armour {unknown}
 j - 2 scrolls of poison {unknown}
 k - a scroll of torment {unknown}
 l - 3 scrolls of identify {unknown}
 n - a scroll of noise {unknown}
 p - 2 scrolls of immolation {unknown}
 q - a scroll of enchant weapon {unknown}
 w - a scroll of fear {unknown}
Potions
 h - a potion of resistance {unknown}
 m - a potion of brilliance {unknown}
 o - a potion of degeneration {unknown}
 r - 2 potions of heal wounds {unknown}
 s - a potion of attraction {unknown}
 t - a potion of curing {unknown}
 u - a potion of magic {unknown}
 v - a potion of lignification {unknown}


   Skills:
 + Level 2.4 Fighting
 + Level 3.0 Long Blades
 + Level 2.2 Throwing
 + Level 0.4 Armour
 + Level 3.0 Dodging


You had 2 spell levels left.
You didn't know any spells.
Your spell library contained the following spells:

 Spells                   Type           Power      Damage    Failure   Level
 Sublimation of Blood     Necr           0%         N/A       58%         2
 Wereblood                Tmut           0%         N/A       58%         2
 Summon Hydra             Summ           0%         N/A       100%        7


Dungeon Overview and Level Annotations

Branches:
Dungeon (2/15)

Altars:


Innate Abilities, Weirdness & Mutations

You have a pair of small antennae on your head.
You sometimes gain a little power by taking damage.


Message History

The orc wizard barely misses you.
The orc wizard hits you with a +1 dagger of draining.
You feel drained.
You completely miss the orc wizard.
The orc wizard is moderately wounded.
The orc wizard closely misses you.
The dart slug briefly extends its eye-stalks.
You closely miss the orc wizard.
The orc wizard is moderately wounded.
The orc wizard hits you with a +1 dagger of draining.
You feel drained.
You hit the orc wizard.
The orc wizard is heavily wounded.
The orc wizard hits you with a +1 dagger of draining.
You feel drained.
You closely miss the orc wizard.
The orc wizard is heavily wounded.
The orc wizard hits you with a +1 dagger of draining.
You feel drained.
The orc wizard hits you with a +1 dagger of draining.
You feel drained.
You barely miss the orc wizard.
The orc wizard is heavily wounded.
The orc wizard misses you.
You hit the orc wizard but do no damage.
The orc wizard is heavily wounded.
The orc wizard barely misses you.
You hit the orc wizard.
The orc wizard is severely wounded.
The orc wizard closely misses you. The orc wizard barely misses you.
You barely miss the orc wizard.
The orc wizard is severely wounded.
The orc wizard hits you with a +1 dagger of draining.
* * * LOW HITPOINT WARNING * * *
You feel drained.
* * * LOW HITPOINT WARNING * * *
You hit the orc wizard.
The orc wizard is severely wounded.
The orc wizard hits you with a +1 dagger of draining.
You die...

##### #### ### ....##...#
..# ....##...# ..#
....##...# ..# ....##...#
..##### ....##...#
o{...$..
....##...#########.......
................@ow......
....##...#.#######.......
....##...#.# .......
....##...#)# .......
######...#.#### .......
###......# .......
#.#.##.# ....... #.#.# #
####### #<#.#


You could see an orc wizard and a dart slug.

Vanquished Creatures
  An orc (D:2)
  2 ball pythons (D:1)
  4 bats (D:1)
  6 endoplasms
  4 goblins (D:2)
  2 hobgoblins (D:1)
  3 frilled lizards
  3 kobolds
  5 rats
30 creatures vanquished.

Notes
Turn   | Place    | Note
-------+----------+-------------------------------------------
     0 | D:1      | voltaire321 the Demonspawn Gladiator began the quest for
                  | the Orb.
     0 | D:1      | Reached XP level 1. HP: 16/16 MP: 1/1
   398 | D:1      | Gained mutation: You have a pair of small antennae on your
                  | head. [demonic ancestry]
   398 | D:1      | Reached XP level 2. HP: 16/22 MP: 2/2
   974 | D:2      | Found a faded altar of an unknown god.
  1330 | D:2      | Gained mutation: You sometimes gain a little power by
                  | taking damage. [demonic ancestry]
  1330 | D:2      | Reached XP level 3. HP: 18/28 MP: 3/3
  1484 | D:2      | Slain by an orc wizard

Illustrated notes

Levels and vault maps discovered:
D:1:      nagdon_arrival_double_spiral, layout_basic
D:2:      layout_basic, ebering_ecumenical_altar_petrified,
          minmay_misc_feat_plants

Skill      XL: |  1  2 |
---------------+-------+-----
Throwing       | 2 |  2.2
Dodging        | 3 |  3.0
Long Blades    | 3 |  3.0
Fighting       | |  2.4
Armour         | |  0.4

Action                   || total
-------------------------++-------
Melee: Long sword        ||   112
       Punch             ||     2
 Stab: Sleeping          ||     1
Armor: Leather armour    ||    40
Dodge: Dodged            ||    87

Table legend: (Time is in decaauts)
 A = Elapsed time spent in this place.
 B = Non-inter-level travel time spent in this place.
 C = Inter-level travel time spent in this place.
 D = Time resting spent in this place.
 E = Time spent auto-exploring this place.
 F = Levels seen in this place.
 G = Mean time per level.
                   A        B        C        D        E       F      G
               +--------+--------+--------+--------+--------+-----+--------+
         Total |   1550 |   1550 |      0 |    108 |   1095 |   2 |  775.0 |
       Dungeon |   1550 |   1550 |      0 |    108 |   1095 |   2 |  775.0 |
               +--------+--------+--------+--------+--------+-----+--------+

Top non-repeatable levels by time:
     D:1: 1005 daAuts
     D:2: 545 daAuts
